 Dungeon Crawl Stone Soup version 0.20.1-1-g8b1a95d (webtiles) character file.

54 Zachthehappycat the Ducker (level 3, -5/17 HPs)
             Began as a Felid Berserker on July 3, 2017.
             Was a Believer of Trog.
             Killed by nerve-wracking pain
             ... invoked by Grinder
              (11 damage)
             ... on level 3 of the Dungeon.
             The game lasted 00:03:41 (1367 turns).

Zachthehappycat the Ducker (Felid Berserker)        Turns: 1367, Time: 00:03:41

Health: -5/17      AC:  1    Str: 17    XL:     3   Next: 66%
Magic:  4/4        EV: 20    Int:  8    God:    Trog [**....]
Gold:   104        SH:  0    Dex: 15    Spells: 2/2 levels left
                                        Lives:  0   Deaths: 0

rFire    . . .     SeeInvis +     - Unarmed
rCold    . . .     Gourm    .   (shield unavailable)
rNeg     . . .     Faith    .   (armour unavailable)
rPois    .         Spirit   .   (helmet unavailable)
rElec    .         Reflect  .   (cloak unavailable)
rCorr    .         Harm     .   (gloves unavailable)
MR       .....                  (boots unavailable)
Stlth    ++........             (no amulet)
Regen    0.1/turn               d - +3 ring of strength
MPRegen  0.1/turn               (no ring)

@: quick
A: no armour, no weapons or thrown items, stealth, claws 1, fangs 3, see
invisible, carnivore 3, speed 1, shaggy fur 1, slow metabolism 1, sharp paws
a: Berserk, Trog's Hand, Burn Spellbooks, Renounce Religion


You were on level 3 of the Dungeon.
You worshipped Trog.
Trog was pleased with you.
You were completely stuffed.

You visited 1 branch of the dungeon, and saw 3 of its levels.

You collected 104 gold pieces.

Inventory:

Jewellery
 d - a +3 ring of strength (left paw)
 l - a +4 ring of dexterity {unknown}
Scrolls
 b - 2 scrolls of identify {unknown}
 c - a scroll of teleportation {unknown}
 f - a scroll of blinking {unknown}
 g - 2 scrolls of fog {unknown}
 j - a scroll of remove curse {unknown}
Potions
 e - 2 potions of haste {unknown}
 h - a potion of brilliance {unknown}
 i - a potion of degeneration {unknown}
Comestibles
 a - 3 meat rations
 k - 2 chunks of flesh


   Skills:
 + Level 3.5 Fighting
 + Level 4.8 Dodging
 + Level 1.7 Stealth
 + Level 3.4 Unarmed Combat


You had 2 spell levels left.
You didn't know any spells.

Dungeon Overview and Level Annotations

Branches:
Dungeon (3/15)

Altars:

Annotations:
D:3 Grinder; Paps's ghost, amateur MiFi


Innate Abilities, Weirdness & Mutations

You cannot wear armour.
You are incapable of wielding weapons or throwing items.
Your paws allow you to move quietly. (Stealth)
You have sharp claws.
You have razor-sharp teeth.
You have supernaturally acute eyesight. (SInv)
You are carnivorous and can eat meat at any time.
You cover ground quickly.
You are covered in fur. (AC +1)
You have a slow metabolism.
Your sharp claws are effective at attacking unaware monsters.


Message History

Paps's ghost (amateur Minotaur Fighter) comes into view.
A bat zombie comes into view.
The rat zombie bites you but does no damage.
Found an ivory ring.
Paps's ghost turns its malevolent gaze towards you.
You claw the rat zombie!
You destroy the rat zombie!
Trog accepts your kill.
There is a stone staircase leading down here.
You open the door.
Grinder comes into view.
Grinder blinks!
Grinder blinks!
Found 11 sling bullets.
There is an open door here.
Grinder blinks!
Grinder gestures at you. Pain shoots through your body!
Ouch! That really hurt!
You die...

.............###.#####
#...........>W...##
###.#....###.#......#
.<#.#........######.#
..#.#........# #W# #
....#........######'##.###
#...'.........##..........#
####'....##...##..5....(...
#.......##...++@.....#...#
#.......##...##...§..# ...
#..........(.##......# ..
#............##.....§# .
..............#########
......####...


You could see Grinder and Paps's ghost.

Vanquished Creatures
  An adder (D:2)
  An ooze (D:1)
  2 worms (D:2)
  2 dart slugs
  3 goblins
  3 hobgoblins (D:1)
  6 jackals
  4 bats
  6 kobolds
  A rat (D:2)
  A rat zombie (D:3)
30 creatures vanquished.

Notes
Turn   | Place    | Note
-------+----------+-------------------------------------------
     0 | D:1      | Zachthehappycat the Felid Berserker began the quest for the Orb.
     0 | D:1      | Reached XP level 1. HP: 10/10 MP: 2/2
   215 | D:1      | Reached XP level 2. HP: 10/14 MP: 3/3
   328 | D:1      | Reached skill level 1 in Stealth
   996 | D:2      | Reached XP level 3. HP: 16/17 MP: 4/4
  1298 | D:3      | Reached ** piety under Trog
  1343 | D:3      | Noticed Paps's ghost (amateur MiFi)
  1363 | D:3      | Noticed Grinder
  1367 | D:3      | Killed from afar by Grinder

Skill      XL: |  1  2 |
---------------+-------+-----
Stealth        | 1 |  1.7
Fighting       | |  3.5
Dodging        | |  4.8
Unarmed Combat | |  3.4

Action                   || total
-------------------------++-------
Melee: Unarmed           ||    78
       Bite              ||     7
       Punch             ||     2
 Stab: Sleeping          ||     4
  Eat: Chunk             ||     8
Armor: Skin              ||     4
Dodge: Dodged            ||    60
